cohdb
Replays
Latest Replays
All Replays
Popular Replays
Top Player Replays
Match Explorer
How It Works
Community
CoH3 Stats
Reddit
Sign in to upload your games and track your stats! →
Sign in with Steam
Match 44660404
Unlisted
Match 44660404
Overview
Messages
Build Orders
End
Panzergrenadier Squad
250 Light Carrier
Panzergrenadier Squad
Construct Light Support Kompanie
Selects Battlefield Espionage Battlegroup
Selects Sector Subterfuge Beacon
Selects Transfer Depots
Combat Half-tracks
Fire Support Elements
Flakvierling Half-track
Veteran Squad Leaders
Vehicle Survival Package
le.IG 18 Mechanized Group
Construct Panzerarmee Kommand
Selects 250/3 Funkpanzerwagen
Selects Anti-Tank Incendiary Munitions
Pak 38 Anti-tank Gun Team
Forward Retreat Point
Armored Reserves
2.5-tonne Medical Truck
Selects Operation Skorpion
Emergency Repair Kits
Tiger Heavy Tank
Tungsten Core Ammunition
Selects Firestorm
Firestorm
Advanced Field Repairs
Panzerpioneer Squad
CDI
Synchrotron
爷爷兵法
ShogunLeo
ZeroFuqsGiven
MIKEINDIA
stormsadder1225
Deadlucky97
0
0
Comments
sign in to comment!
No comments posted yet!